 Dungeon Crawl Stone Soup version 0.26.1-11-gd32895ea62 (webtiles) character file.

Game seed: 17527722391927349228

150793 RepoMan the Gelid (level 17, 0/90 HPs)
             Began as a Vine Stalker Ice Elementalist on June 16, 2021.
             Was the Champion of Dithmenos.
             Killed from afar by a deep elf mage (32 damage)
             ... with a bolt of fire
             ... on level 2 of the Elven Halls.
             The game lasted 05:10:36 (28931 turns).

RepoMan the Gelid (Vine Stalker Ice Elementalist)  Turns: 28931, Time: 05:10:37

Health: 0/90       AC: 23    Str: 20    XL:     17   Next: 54%
Magic:  0/43       EV: 13    Int: 19    God:    Dithmenos [******]
Gold:   100        SH:  0    Dex: 18    Spells: 7/40 levels left

rFire    . . .     SeeInvis +   p - +4 long sword (protect)
rCold    + . .     Faith    .   (no shield)
rNeg     + . .     Spirit   +   B - +6 acid dragon scales
rPois    +         Reflect  .   k - +2 hat {SInv}
rElec    +         Harm     .   Y - +2 cloak {rPois}
rCorr    +         Rampage  .   F - +1 pair of gloves of Ytalag {rPois Regen+}
Will     ++...                  (no boots)
Stlth    +++++++++.             U - macabre finger necklace {rN+}
HPRegen  1.45/turn              s - ring "Ystriofe" {Ice +Inv MP+9}
MPRegen  0.28/turn              O - ring "Isecegis" {rF+ AC+4 Str+3}
                                a - ring of Elyvilon's Inspiration {+Fly rElec rPois Str+6 Stlth-}

@: no potions, wreathed by umbra
A: fangs 3, regeneration 2, magic shield, antimagic bite, no potion heal 3
a: Renounce Religion, Evoke Invisibility, Evoke Flight, Shadow Step, Shadow Form


You were on level 2 of the Elven Halls.
You worshipped Dithmenos.
Dithmenos was exalted by your worship.
You visited 5 branches of the dungeon, and saw 26 of its levels.
You also visited: Ossuary.

You collected 3862 gold pieces.
You spent 3762 gold pieces at shops.

Inventory:

Hand Weapons
 d - a +4 dagger
 f - a +3 scimitar of flaming
 h - a +1 falchion of holy wrath
 o - a +0 long sword of flaming
 p - a +4 long sword of protection (weapon)
 A - a +1 long sword of holy wrath
Missiles
 G - a throwing net
Armour
 k - a +2 hat of see invisible (worn)
 B - +6 acid dragon scales (worn)
 F - the +1 pair of gloves of Ytalag (worn) {rPois Regen+}
   (You bought it in a shop on level 2 of the Orcish Mines)

   It protects you from poison.
   It increases your rate of regeneration.
 J - the +1 troll leather armour "Ykir" {Harm Rampage rN+ Regen+ Stlth+}
   (You bought it in a shop on level 2 of the Orcish Mines)

   It protects you from negative energy.
   It increases your rate of regeneration.
   It increases damage dealt and taken.
   It bestows one free step when moving towards enemies.
   It makes you more stealthy.
 Y - a +2 cloak of poison resistance (worn)
Jewellery
 a - the ring of Elyvilon's Inspiration (on amulet) {+Fly rElec rPois Str+6 Stlth-}
   (You acquired it on level 2 of the Lair of Beasts)

   [ring of strength]

   It affects your strength (+6).
   It insulates you from electricity.
   It protects you from poison.
   It lets you fly.
   It makes you less stealthy.
 s - the ring "Ystriofe" (left hand) {Ice +Inv MP+9}
   (You bought it in a shop on level 2 of the Orcish Mines)

   [ring of ice]

   It enhances your ice magic.
   It makes you vulnerable to fire.
   It protects you from cold.
   It affects your magic capacity (+9).
   It lets you turn invisible.
 O - the ring "Isecegis" (right hand) {rF+ AC+4 Str+3}
   (You took it off an orc warrior on level 2 of the Orcish Mines)

   [ring of protection]

   It affects your AC (+4).
   It affects your strength (+3).
   It protects you from fire.
 U - the macabre finger necklace (around neck) {rN+}
   (You took it off an orc wizard on level 9 of the Dungeon)

   [amulet of nothing]

   It protects you from negative energy.
Wands
 j - a wand of flame (106)
 m - a wand of paralysis (25)
 y - a wand of polymorph (20)
 z - a wand of digging (1)
 D - a wand of iceblast (30)
 I - a wand of disintegration (25)
 L - a wand of enslavement (16)
 N - a wand of random effects (10)
 V - a wand of acid (16)
Scrolls
 g - 12 scrolls of remove curse
 i - 16 scrolls of identify
 q - 12 scrolls of teleportation
 r - 4 scrolls of fear
 u - a scroll of torment
 C - a scroll of magic mapping
 K - 3 scrolls of enchant weapon
 M - a scroll of immolation
 R - 2 scrolls of amnesia
Potions
 b - 17 potions of ambrosia
 c - 16 potions of curing
 e - 5 potions of brilliance
 l - 3 potions of resistance
 n - 4 potions of magic
 t - 3 potions of haste
 v - 2 potions of berserk rage
 w - 5 potions of flight
 x - 3 potions of might
 H - 4 potions of lignification
 P - a potion of invisibility
 Q - a potion of cancellation
 T - 3 potions of mutation


   Skills:
 - Level 10.3 Fighting
 - Level 10.2 Short Blades
 + Level 2.1 Armour
 + Level 3.0 Dodging
 + Level 15.2 Stealth
 + Level 12.2 Spellcasting
 - Level 5.5 Conjurations
 - Level 5.0 Hexes
 - Level 2.0 Translocations
 * Level 16.9 Ice Magic
 - Level 8.3 Evocations


You had 7 spell levels left.
You knew the following spells:

 Your Spells              Type           Power        Failure   Level
a - Freeze                Ice            100%         0%          1
b - Blink                 Tloc           N/A          4%          2
c - Ozocubu's Armour      Ice            85%          1%          3
d - Dazzling Flash        Conj/Hex       62%          2%          3
e - Metabolic Englaciati  Hex/Ice        34%          2%          5
h - Hailstorm             Conj/Ice       69%          1%          4
o - Ozocubu's Refrigerat  Ice            42%          1%          6
r - Frozen Ramparts       Ice            100%         1%          3
s - Summon Ice Beast      Ice/Summ       60%          2%          4
z - Ensorcelled Hibernat  Hex/Ice        100%         1%          2

Your spell library contained the following spells:

 Spells                   Type           Power        Failure   Level
 Corona                   Hex            33%          1%          1
 Magic Dart               Conj           100%         1%          1
 Slow                     Hex            30%          1%          2
 Ice Form                 Ice/Tmut       60%          2%          4
 Confusing Touch          Hex            30%          3%          3
 Tukima's Dance           Hex            30%          3%          3
 Conjure Flame            Conj/Fire      22%          7%          3
 Static Discharge         Conj/Air       22%          7%          3
 Animate Skeleton         Necr           22%          8%          1
 Pain                     Necr           44%          8%          1
 Mephitic Cloud           Conj/Pois/Air  18%          11%         3
 Call Imp                 Summ           11%          12%         2
 Vampiric Draining        Necr           5%           22%         3
 Leda's Liquefaction      Hex/Erth       10%          26%         4
 Simulacrum               Ice/Necr       30%          34%         6
 Freezing Cloud           Conj/Ice/Air   28%          47%         6
 Lightning Bolt           Conj/Air       11%          54%         5
 Animate Dead             Necr           5%           58%         4
 Bolt of Magma            Conj/Fire/Erth 9%           67%         5
 Agony                    Necr           11%          91%         5
 Iron Shot                Conj/Erth      11%          98%         6
 Statue Form              Tmut/Erth      7%           100%        6
 Ignition                 Fire           5%           100%        8
 Shatter                  Erth           5%           100%        9
 Tornado                  Air            5%           100%        9


Dungeon Overview and Level Annotations

Branches:
Dungeon (15/15)            Temple (1/1) D:4            Lair (6/6) D:10
 Shoals (0/4) Lair:3        Snake (0/4) Lair:3        Slime (0/5) Lair:5
    Orc (2/2) D:11            Elf (2/3) Orc:2        Vaults (0/5) D:14
 Depths (0/5) D:15        Ossuary (visited)

Altars:
Ashenzari
Cheibriados
Dithmenos
Elyvilon
Fedhas
Kikubaaqudgha
Makhleb
Nemelex Xobeh
Okawaru
Ru
Sif Muna
Trog
Uskayaw
Vehumet
Wu Jian
Xom
Yredelemnul
Zin
The Shining One
Beogh
Jiyva

Shops:
D:4 ?   D:5 ?   D:6 :   Orc:2 (:**[   Elf:2 ?

Portals:
Trove: D:10 (give +3 gold dragon scales)

Annotations:
D:3 exclusion: downstairs
D:8 exclusion: door
D:11 2 transporters
D:13 exclusion: obsidian statue
Lair:5 exclusion: 3 oklob plants


Innate Abilities, Weirdness & Mutations

You have razor-sharp teeth.
You heal very quickly.
When hurt, damage is shared between your health and your magic reserves.
Your bite disrupts and absorbs the magic of your enemies.
Potions cannot restore your health.


Message History

The +0 glaive of protection is lightly damaged.
The deep elf mage gestures wildly while chanting.
The fire elemental disappears in a puff of smoke!
The +0 glaive of protection hits you from afar!
You emit a cloud of dark smoke.
The deep elf mage mumbles some strange words.
The deep elf mage blinks!
Unknown command.
Okay, then.
Unknown command.
You cannot drink potions in your current state!
Unknown command.
Okay, then.
The deep elf knight gestures wildly while chanting.
The deep elf knight seems to speed up.
The +0 glaive of protection hits you from afar.
The deep elf mage gestures at you while chanting.
The bolt of fire hits the +0 glaive of protection.
The +0 glaive of protection resists.
The bolt of fire hits you!!!
You die...

#.....).....#'...# ..
.#..).8...)#.'..###.##
#..........)#'...#...#
......)......'...#..#
.....).......#.....#
.............#.....##
#.....#.....##......##
##...#.#...####......#
############ ##@....#
##)####.....##
..##..(##.....##
....(..)§(....)##
.......○eE§.....##
..(○○☼E...#......#
...☼E☼e..###.)..##
...○○(e.## ##..##
○☼☼...... ...#


You could see 2 deep elf knights, a deep elf mage, 2 fire elementals and 2
dancing weapons.

Vanquished Creatures
  Rupert (D:13)
  Gastronok (Lair:3)
  Agnes (D:14)
  A fire giant (D:15)
  A deep elf sorcerer (Elf:1)
  A very ugly thing (D:13)
  A stone giant (Orc:2)
  An entropy weaver (shapeshifter) (D:13)
  A deep elf annihilator (Elf:2)
  Azrael (D:15)
  The ghost of Nutum the Martial Artist, a journeyman OpTm of Okawaru (Lair:6)
  A fire dragon (Lair:6)
  3 ettins (Orc:2)
  The ghost of Almogavar the Destroyer, a journeyman HuCj of Sif Muna (Orc:2)
  Fannar (D:12)
  A deep elf high priest (Elf:1)
  2 ogre magi (D:15)
  Harold (Orc:1)
  Erolcha (D:10)
  9 hydras
  6 centaur warriors
  2 boulder beetles
  A catoblepas (D:13)
  18 two-headed ogres
  Urug (D:10)
  7 dancing weapons
  9 deep elf knights
  2 unseen horrors
  9 deep elf archers
  33 deep elf magi
  A necromancer (Lair:5)
  Pikel (D:8)
  4 orc knights
  A lindwurm (Lair:6)
  3 orc sorcerers
  3 ugly things
  A salamander (shapeshifter) (Elf:1)
  A wolf spider (Lair:6)
  5 elephants (Lair:2)
  11 cyclopes
  7 manticores
  12 black mambas
  Maurice (D:12)
  2 molten gargoyles (Lair:6)
  10 cane toads
  3 gargoyles
  A torpor snail (Lair:6)
  3 centaur skeletons
  2 efreet
  A yaktaur (shapeshifter) (D:15)
  A kobold demonologist (D:14)
  19 komodo dragons
  2 rime drakes
  6 polar bears
  A queen bee (Lair:2)
  5 trolls
  A meliai (D:13)
  2 hornets
  A hornet (shapeshifter) (D:13)
  A raiju (shapeshifter) (D:15)
  A snapping turtle (Lair:3)
  A dream sheep (Lair:6)
  2 slime creatures
  21 blink frogs
  2 air elementals
  3 vampires
  5 wyverns
  2 water elementals (Elf:1)
  3 shadows
  7 basilisks
  A spriggan (D:13)
  16 humans (D:14)
  6 fire elementals
  56 yaks
  2 fire bats (Lair:2)
  A vampire mosquito (D:13)
  5 steam dragons
  2 nagas (Lair:3)
  2 wargs (Orc:2)
  2 acid dragons
  A soldier ant (D:11)
  22 water moccasins
  7 hell hounds
  4 ice beasts
  19 orc warriors
  3 sky beasts
  Purgy (D:4)
  A hornet zombie (D:14)
  15 ogres
  3 black bears
  An eye of draining (D:14)
  A phantom (D:5)
  7 wolves
  4 lemures (D:8)
  17 centaurs
  4 big kobolds
  17 bullfrogs
  A wyvern zombie (D:13)
  A gnoll sergeant (D:10)
  4 earth elementals
  4 scorpions
  A wyvern skeleton (D:12)
  A water moccasin skeleton (D:9)
  37 killer bees
  5 wights
  7 electric eels
  A crimson imp (D:2)
  A bullfrog zombie (D:6)
  A quasit (D:13)
  6 jellies
  6 lava snakes
  7 hounds
  2 human zombies (Ossuary)
  4 bullfrog skeletons
  A gnoll shaman (D:6)
  13 orc priests
  Ijyb (D:4)
  10 iguanas
  19 orc wizards
  5 yak simulacra (Lair:5)
  13 worker ants
  A polar bear simulacrum (Lair:5)
  2 wolf simulacra (Lair:5)
  2 big kobold zombies (Ossuary)
  A killer bee zombie (D:6)
  2 hound zombies
  5 mummies
  A howler monkey zombie (D:10)
  18 gnolls
  A howler monkey skeleton (D:9)
  A worker ant zombie (D:5)
  16 adders
  4 shadow imps
  3 white imps
  2 ufetubi
  An ooze (D:6)
  3 adder skeletons
  2 adder zombies
  3 worms (D:3)
  2 dart slugs
  5 leopard geckos
  84 orcs
  8 bats
  2 giant cockroaches
  A gnoll zombie (Ossuary)
  12 goblins
  12 hobgoblins
  2 jackals (D:6)
  25 kobolds
  9 quokkas
  2 ball pythons
  4 frilled lizards
  A hobgoblin zombie (Ossuary)
  2 jackal zombies (Ossuary)
  2 kobold zombies (Ossuary)
  An orc zombie (Ossuary)
  A quokka skeleton (D:2)
  6 rats
  3 river rat simulacra (Lair:5)
901 creatures vanquished.

Vanquished Creatures (collateral kills)
  A boulder beetle (D:13)
  A hydra (Lair:6)
  A centaur zombie (D:13)
  A basilisk (Lair:2)
  A water moccasin (D:13)
  An orc warrior (D:13)
  2 bullfrogs (D:13)
  An orc wizard (D:15)
  An orc (D:13)
10 creatures vanquished.

Vanquished Creatures (others)
  2 meliai (D:13)
  An orc warrior (Orc:2)
  An ogre (Orc:2)
  11 fungi
  52 plants
67 creatures vanquished.

Grand Total: 978 creatures vanquished

Notes
Turn   | Place    | Note
-------+----------+-------------------------------------------
     0 | D:1      | RepoMan the Vine Stalker Ice Elementalist began the quest
                  | for the Orb.
     0 | D:1      | Reached XP level 1. HP: 9/9 MP: 4/4
   114 | D:1      | Reached XP level 2. HP: 13/13 MP: 6/6
   818 | D:2      | Found a snail-covered altar of Cheibriados.
   839 | D:2      | Found a blossoming altar of Fedhas.
   864 | D:2      | Reached XP level 3. HP: 11/17 MP: 0/7
   869 | D:2      | Learned a level 3 spell: Frozen Ramparts
   873 | D:2      | Learned a level 3 spell: Ozocubu's Armour
  1106 | D:2      | Found a burning altar of Makhleb.
  1112 | D:2      | Reached skill level 1 in Fighting
  1112 | D:2      | Gained mutation: Your natural rate of healing is unusually
                  | fast. [Vine Stalker growth]
  1112 | D:2      | Reached XP level 4. HP: 18/22 MP: 4/9
  1193 | D:2      | Reached skill level 5 in Ice Magic
  1458 | D:2      | Found a broken altar of Ashenzari.
  1458 | D:2      | Found an iron altar of Okawaru.
  1851 | D:3      | Reached XP level 5. HP: 23/25 MP: 2/10
  1931 | D:3      | Noticed a centaur
  2034 | D:3      | Killed a centaur
  2210 | D:3      | Found a shimmering altar of Xom.
  2434 | D:3      | Reached XP level 6. HP: 30/30 MP: 10/12
  2513 | D:4      | Noticed Purgy
  2574 | D:4      | Reached skill level 6 in Ice Magic
  2615 | D:4      | Found a white marble altar of Elyvilon.
  2727 | D:4      | Noticed Ijyb
  2733 | D:4      | Killed Ijyb
  2823 | D:4      | Found a glowing golden altar of the Shining One.
  2825 | D:4      | Noticed an angel
  2842 | D:4      | Found a basalt altar of Yredelemnul.
  2844 | D:4      | Noticed a profane servitor
  2856 | D:4      | Found Kidudghu's Magic Scroll Shoppe.
  2895 | D:4      | Bought a scroll of blinking for 90 gold pieces
  2895 | D:4      | Bought a scroll of noise for 12 gold pieces
  2975 | D:4      | Found a bloodstained altar of Trog.
  3066 | D:4      | Reached XP level 7. HP: 29/34 MP: 12/14
  3104 | D:4      | Found a staircase to the Ecumenical Temple.
  3136 | D:4      | Killed Purgy
  3172 | Temple   | Entered the Ecumenical Temple
  3199 | Temple   | Became a worshipper of Dithmenos the Shadowed
  3376 | D:5      | Entered Level 5 of the Dungeon
  3410 | D:5      | Found Honnunan's Magic Scroll Emporium.
  3431 | D:5      | Bought a scroll of teleportation for 36 gold pieces
  3431 | D:5      | Bought a scroll of identify for 24 gold pieces
  3431 | D:5      | Bought a scroll of identify for 24 gold pieces
  3466 | D:5      | Reached skill level 5 in Stealth
  3479 | D:5      | Reached skill level 7 in Ice Magic
  3539 | D:5      | You fall into a shaft and drop 2 floors!
  3642 | D:5      | Gained mutation: You have razor-sharp teeth. [Vine Stalker
                  | growth]
  3642 | D:5      | Reached XP level 8. HP: 36/39 MP: 8/16
  3678 | D:5      | Found a sand-covered staircase.
  3693 | Ossuary  | Entered an ossuary
  3758 | Ossuary  | Reached * piety under Dithmenos
  3833 | Ossuary  | Reached skill level 5 in Spellcasting
  4480 | D:6      | Found a sparkling altar of Nemelex Xobeh.
  4548 | D:6      | Reached skill level 1 in Short Blades
  4548 | D:6      | Reached skill level 8 in Ice Magic
  4653 | D:6      | Found a glowing silver altar of Zin.
  4718 | D:6      | Reached ** piety under Dithmenos
  4733 | D:6      | Reached XP level 9. HP: 43/43 MP: 18/18
  4864 | D:6      | Got a shadowed robe
  4895 | D:6      | Identified the +1 robe "Lelim" {+Inv rPois rN+ SInv} (You
                  | found it on level 6 of the Dungeon)
  5755 | D:6      | Found Tunov's Book Shop.
  5848 | D:7      | Reached skill level 9 in Ice Magic
  5957 | D:7      | Found a radiant altar of Vehumet.
  6123 | D:6      | Bought a book of Maledictions for 300 gold pieces
  6126 | D:6      | Learned a level 2 spell: Ensorcelled Hibernation
  6952 | D:8      | Noticed a two-headed ogre
  6966 | D:8      | Reached skill level 1 in Hexes
  7054 | D:8      | Noticed a two-headed ogre
  7144 | D:8      | Killed a two-headed ogre
  7145 | D:8      | Reached XP level 10. HP: 51/51 MP: 17/20
  7190 | D:8      | Reached skill level 10 in Ice Magic
  7193 | D:8      | Found a hide-covered altar of Uskayaw.
  7193 | D:8      | Noticed a +0 hand axe
  7193 | D:8      | Noticed a +0 dagger
  7395 | D:8      | Reached *** piety under Dithmenos
  7980 | D:8      | Killed a two-headed ogre
  8052 | D:8      | Noticed a two-headed ogre
  8074 | D:8      | Killed a two-headed ogre
  8075 | D:8      | Reached skill level 5 in Fighting
  8155 | D:8      | Noticed Pikel
  8437 | D:8      | Noticed a centaur warrior
  8451 | D:8      | Noticed a cyclops
  8457 | D:8      | Noticed a cyclops
  8548 | D:7      | Reached skill level 5 in Short Blades
  8548 | D:7      | Reached skill level 10 in Stealth
  8548 | D:7      | Reached skill level 11 in Ice Magic
  8548 | D:7      | Reached XP level 11. HP: 56/56 MP: 16/24
  8554 | D:7      | Learned a level 4 spell: Hailstorm
  8559 | D:7      | Learned a level 4 spell: Summon Ice Beast
  8563 | D:7      | Learned a level 3 spell: Dazzling Flash
  8806 | D:8      | Killed a centaur warrior
  8807 | D:8      | Reached skill level 12 in Ice Magic
  8807 | D:8      | Gained mutation: You heal very quickly. [Vine Stalker
                  | growth]
  8807 | D:8      | Reached XP level 12. HP: 50/61 MP: 13/25
  9459 | D:9      | Found an ornate altar of the Wu Jian Council.
  9707 | D:9      | Reached **** piety under Dithmenos
  9842 | D:10     | Entered Level 10 of the Dungeon
 10067 | D:10     | Noticed Erolcha
 10074 | D:10     | Killed Erolcha
 10094 | D:10     | Noticed Urug
 10102 | D:10     | Killed Urug
 10116 | D:10     | Found a staircase to the Lair.
 10176 | D:10     | Noticed a two-headed ogre
 10201 | D:10     | Killed a two-headed ogre
 10331 | D:10     | Found a portal to a secret trove of treasure.
 10782 | D:10     | Reached ***** piety under Dithmenos
 11344 | D:11     | Noticed a two-headed ogre
 11361 | D:11     | Killed a two-headed ogre
 11396 | D:11     | Found a transporter.
 11424 | D:11     | Noticed an orc high priest
 11438 | D:11     | Found a transporter.
 11453 | D:11     | Got an ivory whip
 11577 | D:10     | Identified 2 scrolls of acquirement
 11579 | D:10     | Identified the +4 whip of the Sun {vorpal, rPois Int+3}
                  | (You found it on level 11 of the Dungeon)
 11585 | Lair:1   | Entered Level 1 of the Lair of Beasts
 11591 | Lair:1   | Noticed a four-headed hydra
 11615 | Lair:1   | Killed a one-headed hydra
 11670 | Lair:1   | Reached skill level 13 in Ice Magic
 11829 | Lair:1   | Reached XP level 13. HP: 67/67 MP: 27/27
 12748 | Lair:2   | Reached skill level 5 in Hexes
 13027 | Lair:2   | Reached skill level 1 in Conjurations
 13037 | Lair:2   | Found the +8 whip "Snakebite" {curare, rPois}
 13618 | Lair:2   | Reached ****** piety under Dithmenos
 13838 | Lair:2   | You fall into a shaft and drop 2 floors!
 14131 | Lair:3   | Noticed Gastronok
 14143 | Lair:3   | Killed Gastronok
 14176 | Lair:3   | Found a staircase to the Shoals.
 14294 | Lair:3   | Reached skill level 14 in Ice Magic
 14304 | Lair:3   | Reached XP level 14. HP: 73/73 MP: 28/28
 14361 | Lair:2   | Reached skill level 10 in Spellcasting
 14641 | Lair:2   | Acquired the ring of Elyvilon's Inspiration {+Fly rElec
                  | rPois Str+6 Stlth-}
 14649 | Lair:2   | Acquired a +2 hat of see invisible
 14785 | Lair:3   | Found a staircase to the Snake Pit.
 17033 | Lair:5   | Found a viscous altar of Jiyva.
 17034 | Lair:5   | Found a staircase to the Slime Pits.
 17421 | Lair:6   | Entered Level 6 of the Lair of Beasts
 17449 | Lair:6   | Found a shadowy altar of Dithmenos.
 17891 | Lair:6   | Found a large runed translucent door.
 17892 | Lair:6   | Found a large runed translucent door.
 18056 | Lair:6   | Reached skill level 5 in Conjurations
 18215 | Lair:6   | Found a runed translucent gate.
 18215 | Lair:6   | Found a runed translucent gate.
 18215 | Lair:6   | Found a runed translucent gate.
 18220 | Lair:6   | Noticed Nutum's ghost (journeyman OpTm)
 18244 | Lair:6   | Killed Nutum's ghost
 18245 | Lair:6   | Reached XP level 15. HP: 54/79 MP: 20/30
 18248 | Lair:6   | Reached skill level 15 in Ice Magic
 18960 | D:11     | Found a staircase to the Orcish Mines.
 19122 | Orc:1    | Entered Level 1 of the Orcish Mines
 19315 | Orc:1    | Noticed Harold
 19323 | Orc:1    | Killed Harold
 19560 | Orc:2    | Entered Level 2 of the Orcish Mines
 19560 | Orc:2    | Found Jousuc's General Store.
 19592 | Orc:2    | Found a roughly hewn altar of Beogh.
 19624 | Orc:2    | Found Lecen's Antique Weapon Boutique.
 19654 | Orc:2    | Bought the ring "Ystriofe" {Ice +Inv MP+9} for 694 gold
                  | pieces
 19877 | D:12     | Noticed Fannar
 19883 | D:12     | Killed Fannar
 19884 | D:12     | Reached skill level 1 in Evocations
 20520 | D:12     | Noticed Maurice
 20529 | D:12     | Killed Maurice
 20767 | D:13     | Reached skill level 5 in Evocations
 20950 | D:13     | Noticed Rupert
 21394 | D:13     | Killed Rupert
 22208 | Orc:2    | Found Weem Doa's Book Shop.
 22222 | Orc:2    | Bought a book of Minor Magic for 280 gold pieces
 22225 | Orc:2    | Learned a level 2 spell: Blink
 22563 | Orc:2    | Found Zypien's General Store.
 22567 | Orc:2    | Found a runed translucent gate.
 22567 | Orc:2    | Found a runed translucent gate.
 22567 | Orc:2    | Found a runed translucent gate.
 22618 | Orc:2    | Noticed Almogavar's ghost (journeyman HuCj)
 22621 | Orc:2    | Bought a scroll of identify for 32 gold pieces
 22621 | Orc:2    | Bought a scroll of identify for 32 gold pieces
 22627 | Orc:2    | Identified the ring "Isecegis" {rF+ AC+4 Str+3}
 22693 | Orc:2    | Reached skill level 1 in Translocations
 22704 | Orc:2    | Killed Almogavar's ghost
 22705 | Orc:2    | Reached XP level 16. HP: 78/80 MP: 30/32
 22815 | Orc:2    | Found a staircase to the Elven Halls.
 22884 | Orc:2    | Found Moxemaid's Antique Armour Emporium.
 23360 | D:8      | Killed Pikel
 23418 | D:6      | Bought a book of Ice for 780 gold pieces
 23426 | D:6      | Learned a level 6 spell: Ozocubu's Refrigeration
 23432 | D:6      | Learned a level 5 spell: Metabolic Englaciation
 23682 | D:14     | Found a viscous altar of Jiyva.
 23712 | D:14     | Noticed Agnes
 23715 | D:14     | Killed Agnes
 23914 | D:14     | Found a gate to the Vaults.
 24603 | D:15     | Entered Level 15 of the Dungeon
 24904 | D:15     | Noticed Azrael
 24909 | D:15     | Killed Azrael
 25259 | D:15     | Reached skill level 10 in Fighting
 25370 | D:15     | Reached skill level 16 in Ice Magic
 25633 | D:15     | Found a shimmering blue altar of Sif Muna.
 25676 | D:15     | Found a staircase to the Depths.
 26210 | Orc:2    | Bought an ichor-stained long sword for 306 gold pieces
 26211 | Orc:2    | Identified the cursed +0 long sword "Vium" {drain, rPois
                  | rC- Dex+3} (You bought it in a shop on level 2 of the
                  | Orcish Mines)
 26263 | Elf:1    | Entered Level 1 of the Elven Halls
 26266 | Elf:1    | Reached skill level 10 in Short Blades
 26280 | Elf:1    | Acquired 955 gold pieces
 26547 | Elf:1    | Reached XP level 17. HP: 75/89 MP: 16/33
 27179 | Orc:2    | Bought a pair of ichor-stained gloves for 332 gold pieces
 27179 | Orc:2    | Bought a heavily runed troll leather armour for 700 gold
                  | pieces
 27190 | Orc:2    | Identified the +1 pair of gloves of Ytalag {rPois Regen+}
                  | (You bought it in a shop on level 2 of the Orcish Mines)
 27200 | Orc:2    | Identified the cursed +1 troll leather armour "Ykir" {Harm
                  | Rampage rN+ Regen+ Stlth+} (You bought it in a shop on
                  | level 2 of the Orcish Mines)
 28151 | Elf:2    | Found an ancient bone altar of Kikubaaqudgha.
 28181 | Elf:2    | Reached skill level 1 in Armour
 28181 | Elf:2    | Reached skill level 15 in Stealth
 28723 | Elf:2    | Found Winyrhax's Magic Scroll Shop.
 28730 | Elf:2    | Bought a scroll of identify for 40 gold pieces
 28730 | Elf:2    | Bought a scroll of identify for 40 gold pieces
 28730 | Elf:2    | Bought a scroll of identify for 40 gold pieces
 28838 | Elf:2    | Found a huge runed translucent gate.
 28838 | Elf:2    | Found a huge runed translucent gate.
 28838 | Elf:2    | Found a huge runed translucent gate.
 28838 | Elf:2    | Found a huge runed translucent gate.
 28838 | Elf:2    | Found a huge runed translucent gate.
 28931 | Elf:2    | Killed from afar by a deep elf mage

Illustrated notes

Levels and vault maps discovered:
D:1:      tarquinn_simple_flora_water_d, layout_loops_ring, due_unseen_surprise
D:2:      layout_basic, makhleb_grotto_becter, fedhas_ov_isle_minmay,
          nicolae_overflow_crystal_walls, gammafunk_temple_overflow_elements
D:3:      kennysheep_six_static_rooms, layout_basic, old_standard_altar,
          grunt_ministairs_4
D:4:      layout_cave_pools, grunt_temple_overflow_holy_war, elyvilon_altar_1,
          minmay_temple_entry_grid, serial_shops, nicolae_shop_waterfront,
          trog_hazing_becter, uniq_ijyb, uniq_purgy
D:5:      layout_cave_pools, serial_shops,
          nicolae_shop_temple_entry_statues_fountains,
          gup_ossuary_entry_pyramid, kennysheep_generic_room_2
D:6:      layout_layer_cave, zin_academy, nemelex_xobeh_ov_fountains_minmay,
          serial_shops, shop
D:7:      layout_loops_corners, vehumet_crystals
D:8:      minmay_the_grid_plus [minmay_the_grid_spikes, minmay_the_grid_expand,
          minmay_the_grid_large_cup, minmay_the_grid_doors,
          minmay_the_grid_prize_four_corners], layout_basic,
          dancing_weapons_uskayaw, uniq_pikel
D:9:      layout_loops_corners, basic_altar, water_boxes_lemuel
D:10:     minmay_chambers_of_sixes, layout_cave_pods, lair_entry_dummy,
          nicolae_trove_entry_crystal, kb_lookout_dungeons_type, uniq_erolcha,
          uniq_urug
D:11:     gammafunk_wand_slinger, layout_rooms, orc_0_dummy
D:12:     layout_loops_corners, uniq_fannar, uniq_maurice
D:13:     minmay_blocking_statues, layout_cave_pools, minivault_16, the_bakery,
          uniq_rupert
D:14:     layout_roguey, david_vaults_3, kennysheep_small_spiral, jiyva_altar_1,
          uniq_agnes
D:15:     grunt_enter_depths_giant_problem, layout_stronghold, tgw_sif,
          uniq_azrael
Temple:   nicolae_temple_figure_zero
Lair:1:   layout_misc_corridors, hangedman_lair_unloving_vines
Lair:2:   minmay_guarded_unrand_snakebite, layout_gridlike, special_room
          [special_room_bee], disabler_island
Lair:3:   layout_gridlike, minmay_shoals_entry_hut,
          minmay_snake_entry_guardpost_small, cheibrodos_lair_lostbears,
          uniq_gastronok
Lair:4:   layout_cave_shapes
Lair:5:   beast_lair_carwin_large_2, layout_hall_layers, slime_altar_1,
          nicolae_lair_grove_arrangements, eino_house_with_fridge,
          minmay_lair_oklob_chamber, serial_bayou_shore_b
Lair:6:   cheibrodos_lair_end_hotspot, layout_cave_shapes,
          gammafunk_ghost_split, chequers_serial_rivers_small_a,
          amcnicky_altar_gilded
Orc:1:    layout_diamond_mine, uniq_harold
Orc:2:    grunt_orc_gardens, layout_caves, grunt_orc_garden, grunt_orc_garden,
          grunt_orc_garden, grunt_orc_garden, gammafunk_ghost_split,
          serial_shops, shop, basic_altar
Elf:1:    elf_arrival_002, layout_loops_corners, kennysheep_underground_church
Elf:2:    layout_onion_city, serial_shops, shop, basic_altar,
          minmay_misc_feat_diagonals

Skill      XL: |  1  2  3  4  5  6  7  8  9 10 11 12 13 14 15 16 17 |
---------------+----------------------------------------------------+-----
Fighting       | 1 2 4 6 7 8 9 10 | 10.3
Ice Magic      | 5 6 7 8 9 11 12 13 14 15 16 | 16.9
Spellcasting   | 3 4 5 6 8 9 10 11 12 | 12.2
Stealth        | 3 4 5 6 8 10 11 12 13 14 15 | 15.2
Short Blades   | 1 3 5 6 7 8 9 10 | 10.2
Hexes          | 2 4 5 |  5.0
Conjurations   | 2 5 |  5.5
Evocations     | 8 |  8.3
Translocations | 1 2 |  2.0
Dodging        | 3 |  3.0
Armour         | 2 |  2.1

Action                   |  1- 3 |  4- 6 |  7- 9 | 10-12 | 13-15 | 16-18 || total
-------------------------+-------+-------+-------+-------+-------+-------++-------
Melee: Short sword       |     5 |       |       |       |       |       ||     5
       Bite              |     2 |    21 |   120 |   119 |   222 |    90 ||   574
       Dagger            |    15 |    96 |   382 |   350 |   393 |   200 ||  1436
       Whip              |       |       |       |    27 |    66 |       ||    93
       Scimitar          |       |       |       |     5 |   151 |    13 ||   169
       Falchion          |       |       |       |       |    40 |    18 ||    58
       Long sword        |       |       |       |       |       |    50 ||    50
Throw: Throwing net      |       |       |       |       |     7 |     1 ||     8
 Cast: Freeze            |    25 |    49 |    44 |    59 |   104 |    15 ||   296
       Frozen Ramparts   |       |     7 |    24 |    19 |    54 |     1 ||   105
       Ozocubu's Armour  |       |     5 |     8 |     9 |    45 |     6 ||    73
       Ensorcelled Hiber |       |       |     7 |    36 |    86 |    20 ||   149
       Hailstorm         |       |       |       |     1 |     1 |     5 ||     7
       Summon Ice Beast  |       |       |       |       |    18 |     2 ||    20
       Dazzling Flash    |       |       |       |       |    14 |     8 ||    22
       Ozocubu's Refrige |       |       |       |       |       |    26 ||    26
       Metabolic Englaci |       |       |       |       |       |     5 ||     5
       Blink             |       |       |       |       |       |     1 ||     1
 Abil: Evoke Flight      |       |       |       |       |     4 |     1 ||     5
       Evoke Invisibilit |       |       |       |       |     3 |     6 ||     9
       Stop Flying       |       |       |       |       |       |     1 ||     1
Evoke: Wand              |       |       |     5 |     8 |     9 |     7 ||    29
  Use: Scroll            |       |       |     8 |    15 |    11 |    10 ||    44
       Potion            |       |       |     1 |     4 |     7 |       ||    12
 Stab: Sleeping          |     4 |     9 |    27 |    43 |   143 |    74 ||   300
       Invisible         |       |       |     2 |       |    15 |    13 ||    30
       Distracted        |       |       |       |       |     8 |     2 ||    10
       Held in net/web   |       |       |       |       |     2 |       ||     2
Armor: Robe              |     7 |    21 |    17 |    16 |       |       ||    61
       Troll leather arm |       |       |    81 |    70 |   242 |    37 ||   430
       Skin              |       |       |       |       |     1 |       ||     1
       Acid dragon scale |       |       |       |       |       |    69 ||    69
Dodge: Dodged            |    22 |    97 |   294 |   272 |   381 |    83 ||  1149
Block: Other             |       |       |       |       |    94 |    13 ||   107
       Reflection        |       |       |       |       |     3 |       ||     3
       Rpst.: Scimitar   |       |       |       |       |    21 |       ||    21
       Falchion          |       |       |       |       |     5 |     4 ||     9
       Long sword        |       |       |       |       |       |     6 ||     6
